 Dungeon Crawl Stone Soup version 0.27-a0-1119-gbf574a6 (webtiles) character file.

Game seed: 8299800497411027690

64 Meow the Stinger (level 4, 36/36 HPs)
             Began as a Naga Venom Mage on May 2, 2021.
             Quit the game on level 2 of the Dungeon.
             The game lasted 00:03:49 (675 turns).

Meow the Stinger (Naga Venom Mage)                   Turns: 675, Time: 00:03:50

Health: 36/36      AC:  2    Str: 11    XL:     4   Next: 12%
Magic:  0/8        EV:  9    Int: 16    God:
Gold:   53         SH:  0    Dex: 11    Spells: 4/8 levels left

rFire    . . .     SeeInvis +   a - +1 dagger (drain)
rCold    . . .     Faith    .   (no shield)
rNeg     . . .     Spirit   .   b - +0 robe
rPois    +         Reflect  .   (no helmet)
rElec    .         Harm     .   (no cloak)
rCorr    .         Rampage  .   (no gloves)
Will     .....                  (no barding)
Stlth    +++.......             (no amulet)
HPRegen  0.12/turn              (no ring)
MPRegen  0.11/turn              (no ring)

@: short of breath, very slow
A: AC +1, large, see invisible, deformed body, poison resistance, slowness 2,
spit poison 1, naga tail 1
a: Spit Poison


You were on level 2 of the Dungeon.
You visited 1 branch of the dungeon, and saw 2 of its levels.

You collected 53 gold pieces.

Inventory:

Hand Weapons
 a - a +1 dagger of draining (weapon)
 e - a +0 hand axe
 f - a +0 flail
 i - a +0 dagger of holy wrath
Missiles
 c - 19 stones (quivered)
Armour
 b - a +0 robe (worn)
Scrolls
 h - a scroll of vulnerability {unknown}
Potions
 g - a potion of lignification
 j - a potion of magic


   Skills:
 - Level 1.5 Dodging
 + Level 4.5 Stealth
 + Level 2.7 Spellcasting
 - Level 1.0 Transmutations
 + Level 4.9 Poison Magic


You had 4 spell levels left.
You knew the following spells:

 Your Spells              Type           Power      Damage    Failure   Level
a - Sting                 Tmut/Pois      44%        1d5       5%          1
c - Mephitic Cloud        Conj/Pois/Air  7%         N/A       28%         3

Your spell library contained the following spells:

 Spells                   Type           Power      Damage    Failure   Level
 Poisonous Vapours        Pois/Air       20%        N/A       11%         2
 Olgreb's Toxic Radiance  Pois           18%        N/A       24%         4
 Ignite Poison            Fire/Tmut/Pois 8%         N/A       26%         3


Dungeon Overview and Level Annotations

Branches:
Dungeon (2/15)

Altars:

Shops:
D:1 (


Innate Abilities, Weirdness & Mutations

Your serpentine skin is tough. (AC +1)
You have supernaturally acute eyesight. (SInv)
Armour fits poorly on your strangely shaped body.
Your system is resistant to poisons. (rPois)
You cover ground very slowly.
You can spit poison.
You have a snake-like lower body.


Message History

Natasha is heavily wounded.
Unknown command.
Casting: Mephitic Cloud (extremely dangerous; 30% risk of failure)
Confirm with . or Enter, or press ? or * to list all spells.
You can't see any susceptible monsters within range! (Use Z to cast anyway.)
You have got your breath back.
Press: ? - help, Shift-Dir - straight line, f/p - Natasha
Aim: Natasha (heavily wounded, confused)
The splash of poison hits Natasha.
Natasha is heavily wounded.
Casting: Mephitic Cloud (extremely dangerous; 30% risk of failure)
Confirm with . or Enter, or press ? or * to list all spells.
Aiming: Sting (safe; 6% risk of failure)
Press: ? - help, Shift-Dir - straight line, f/p - Natasha
Aim: Natasha (heavily wounded, confused, 86% to hit)
The sting hits Natasha.
Natasha is poisoned.
Natasha is severely wounded.
Casting: Sting (safe; 6% risk of failure)
Confirm with . or Enter, or press ? or * to list all spells.
Aiming: Sting (safe; 6% risk of failure)
Press: ? - help, Shift-Dir - straight line, f/p - Natasha
Aim: Natasha (severely wounded, confused, poisoned, 86% to hit)
The sting hits Natasha.
Natasha looks even sicker.
Natasha is almost dead.
Casting: Sting (safe; 6% risk of failure)
Confirm with . or Enter, or press ? or * to list all spells.
Aiming: Sting (safe; 6% risk of failure)
Press: ? - help, Shift-Dir - straight line, f/p - Natasha
Aim: Natasha (almost dead, confused, very poisoned, 86% to hit)
The sting hits Natasha.
Natasha looks even sicker.
Natasha is almost dead.
Natasha barely misses you.
Unknown command.
You catch the helpless Natasha completely off-guard!
You puncture Natasha!
You kill Natasha!
Suddenly Natasha's spirit rises from her lifeless body.
You have reached level 4!
You feel stronger.
Are you sure you want to abandon this character and quit the game? (Confirm with "yes".)

###
#@#
#.#
#)#
#(#
#.#
#.#
#.#
#.#


There were no monsters in sight!

Vanquished Creatures
  Natasha (D:2)
  A dart slug (D:1)
  2 ball pythons (D:1)
  An endoplasm (D:1)
  2 giant cockroaches (D:1)
  5 goblins
  5 hobgoblins (D:1)
  4 jackals (D:1)
  A quokka (D:1)
  A bat (D:1)
  6 frilled lizards (D:1)
  5 kobolds (D:1)
34 creatures vanquished.

Notes
Turn   | Place    | Note
-------+----------+-------------------------------------------
     0 | D:1      | Meow the Naga Venom Mage began the quest for the Orb.
     0 | D:1      | Reached XP level 1. HP: 15/15 MP: 3/3
    91 | D:1      | Reached XP level 2. HP: 21/22 MP: 0/5
    99 | D:1      | Found Zenaego's Antique Weapon Shop.
   311 | D:1      | Reached XP level 3. HP: 28/28 MP: 6/6
   315 | D:1      | Learned a level 3 spell: Mephitic Cloud
   335 | D:1      | Found a faded altar of an unknown god.
   574 | D:2      | Noticed Natasha
   674 | D:2      | Killed Natasha
   675 | D:2      | Reached XP level 4. HP: 36/36 MP: 0/8
   675 | D:2      | Quit the game

Illustrated notes

Levels and vault maps discovered:
D:1:      psy_arrival_statuary, layout_rooms,
          chequers_ecumenical_altar_simple_redux, serial_shops, shop
D:2:      layout_basic, basic_altar, uniq_crazy_yiuf_cottage, uniq_natasha

Skill      XL: |  1  2  3 |
---------------+----------+-----
Stealth        | 4 |  4.5
Dodging        | |  1.5
Spellcasting   | |  2.7
Transmutations | |  1.0
Poison Magic   | |  4.9

Action                   |  1- 3 |  4- 6 || total
-------------------------+-------+-------++-------
Melee: Dagger            |     3 |       ||     3
Throw: Stone             |     3 |       ||     3
 Cast: Sting             |    18 |       ||    18
       Mephitic Cloud    |     1 |       ||     1
 Abil: Spit Poison       |    36 |       ||    36
  Use: Scroll            |     2 |       ||     2
 Stab: Confused          |     1 |       ||     1
Armor: Robe              |     4 |       ||     4
Dodge: Dodged            |     8 |       ||     8

Table legend: (Time is in decaauts)
 A = Elapsed time spent in this place.
 B = Non-inter-level travel time spent in this place.
 C = Inter-level travel time spent in this place.
 D = Time resting spent in this place.
 E = Time spent auto-exploring this place.
 F = Levels seen in this place.
 G = Mean time per level.
                   A        B        C        D        E       F      G
               +--------+--------+--------+--------+--------+-----+--------+
         Total |    874 |    862 |     12 |     80 |    535 |   2 |  437.0 |
       Dungeon |    874 |    862 |     12 |     80 |    535 |   2 |  437.0 |
               +--------+--------+--------+--------+--------+-----+--------+

Top non-repeatable levels by time:
     D:1: 858 daAuts
     D:2: 15 daAuts
